 Dungeon Crawl Stone Soup version 0.29.1-1-gd02db6906a (webtiles) character file.

Game seed: 10819926814763609000

234 xian the Sneak (level 5, -1/49 HPs)
             Began as a Troll Brigand on Sept 24, 2022.
             Was a Believer of Makhleb.
             Slain by an orc warrior
             ... wielding a +0 mace
              (8 damage)
             ... on level 4 of the Dungeon.
             The game lasted 00:05:56 (2331 turns).

xian the Sneak (Troll Brigand)                      Turns: 2331, Time: 00:05:56

Health: -1/49      AC:  5    Str: 21    XL:     5   Next: 75%
Magic:  4/4        EV: 10    Int: 14    God:    Makhleb [**....]
Gold:   175        SH:  0    Dex: 11    Spells: 4/4 levels left

rFire   . . .      SeeInvis .   r - +6 flail "Paceut" {freeze, rC+ Int+7}
rCold   + . .      Faith    .   (no shield)
rNeg    . . .      Spirit   .   b - +0 robe
rPois   .          Reflect  .   (helmet restricted)
rElec   .          Harm     .   c - +0 cloak
rCorr   .          Rampage  .   (gloves unavailable)
Will    .....                   (boots unavailable)
Stlth   ++........              (no amulet)
HPRegen 0.96/turn               (no ring)
MPRegen 0.09/turn               (no ring)

@: about to teleport
A: large, unfitting armour, claws 3, regeneration 1, shaggy fur 1, tough skin 1
a: Renounce Religion, Minor Destruction


You were on level 4 of the Dungeon.
You worshipped Makhleb.
Makhleb was pleased with you.
You visited 1 branch of the dungeon, and saw 4 of its levels.

You collected 203 gold pieces.
You spent 28 gold pieces at shops.

Inventory:

Hand Weapons
 a - a +2 dagger of protection
 r - the +6 flail "Paceut" (weapon) {freeze, rC+ Int+7}
   (You found it on level 3 of the Dungeon)

   It freezes those it strikes, dealing additional cold damage.
   It can also slow down cold-blooded creatures.
   Int:       It affects your intelligence (+7).
   rC:        It protects you from cold.
Missiles
 d - 6 poisoned darts (quivered)
 e - 3 curare-tipped darts
 k - 12 stones
Armour
 b - a +0 robe (worn)
 c - a +0 cloak (worn)
Wands
 t - a wand of quicksilver (13)
Scrolls
 i - a scroll of teleportation
 o - a scroll of butterflies {unknown}
 p - a scroll of immolation {unknown}
Potions
 g - a potion of resistance {unknown}
 h - a potion of curing {unknown}
 j - a potion of attraction {unknown}
 l - a potion of lignification
 m - 2 potions of mutation {unknown}
 n - a potion of heal wounds {unknown}
 q - a potion of degeneration {unknown}
 s - a potion of brilliance {unknown}


   Skills:
 + Level 2.2 Fighting
 + Level 2.5 Short Blades
 + Level 1.1 Maces & Flails
 + Level 2.5 Throwing
 + Level 1.8 Dodging
 + Level 3.1 Stealth


You had 4 spell levels left.
You didn't know any spells.
Your spell library was empty.

Dungeon Overview and Level Annotations

Branches:
Dungeon (4/15)
 Temple: D:4-7

Altars:
Makhleb
Uskayaw

Shops:
D:2 ?

Annotations:
D:4 1 runed translucent door, Crazy Yiuf


Innate Abilities, Weirdness & Mutations

You are too large for most types of armour.
You have claws for hands.
Your natural rate of healing is unusually fast.
You are covered in fur. (AC +1)
You have tough skin. (AC +1)


Message History

The orc wizard shouts!
You hear a shout!
An orc comes into view. It is wielding a +0 flail.
The orc wizard moves out of view.
The orc wizard gestures wildly while chanting.
The orc wizard flickers and vanishes!
Deactivating autopickup; reactivate with Ctrl-A.
An orc warrior comes into view. It is wielding a +0 mace.
Found a stone staircase leading down.
Something hits you but does no damage. The orc hits you with a +0 flail!
You hit something. You freeze something.
You hear some strange, mumbled words.
A magic dart appears from out of thin air!
The magic dart hits you! The orc barely misses you.
The orc hits you but does no damage.
You closely miss the orc warrior. The orc barely misses you.
The orc warrior closely misses you.
You closely miss the orc warrior. The orc warrior barely misses you.
The orc hits you with a +0 flail.
You hit the orc warrior. You freeze the orc warrior.
The orc warrior is lightly wounded.
The orc priest calls upon Beogh to heal the orc warrior.
The orc warrior's wounds heal themselves!
The orc barely misses you.
The orc warrior hits you with a +0 mace.
The orc completely misses you. The orc warrior misses you.
You throw a poisoned dart.
The poisoned dart closely misses the orc warrior.
The orc hits you with a +0 flail! The orc warrior barely misses you.
The orc priest mumbles some strange prayers to Beogh against you.
Beogh smites you!
* * * LOW HITPOINT WARNING * * *
You are too injured to fight recklessly!
You are too injured to fight recklessly!
You are too injured to fight recklessly!
Unknown command.
Okay, then.
As you read the scroll of teleportation, it crumbles to dust.
You feel strangely unstable.
The orc warrior hits you with a +0 mace!
You die...

! . ........ . .
.#.#.. . .. .....# .
#> ....## . #..
###....####### .
.#... ...#....#...# #
......###...........
#
(....{o@.............
##...o##o............
#... ##............
##. ##........... ..
##...##...# .#
#####..........
...........#...
#.#####††..# . #.#
#....#


You could see an orc warrior, an orc priest and an orc.

Vanquished Creatures
  An ogre (D:3)
  2 orc priests (D:3)
  Ijyb (D:3)
  An adder (D:4)
  A worm (D:3)
  A dart slug (D:1)
  2 orcs (D:3)
  9 ball pythons
  2 endoplasms
  3 giant cockroaches
  2 goblins (D:3)
  3 hobgoblins
  7 jackals
  4 kobolds
  A quokka (D:3)
  A bat (D:3)
  A frilled lizard (D:3)
  4 rats
46 creatures vanquished.

Notes
Turn   | Place    | Note
-------+----------+-------------------------------------------
     0 | D:1      | xian the Troll Brigand began the quest for the Orb.
     0 | D:1      | Reached XP level 1. HP: 19/19 MP: 0/0
   202 | D:1      | Reached XP level 2. HP: 27/27 MP: 1/1
   897 | D:2      | Found a faded altar of an unknown god.
   916 | D:2      | Prayed at the altar of an unknown god.
   916 | D:2      | Became a worshipper of Makhleb the Destroyer
   916 | D:2      | Reached * piety under Makhleb
  1137 | D:2      | Found Koatoypt's Magic Scroll Boutique.
  1142 | D:2      | Bought a scroll of identify for 28 gold pieces
  1403 | D:3      | Identified the +1 ring mail "Trusted Companion" {+Blink
                  | Str+5}
  1444 | D:3      | Found a hide-covered altar of Uskayaw.
  1456 | D:3      | Reached XP level 3. HP: 27/33 MP: 2/2
  1830 | D:3      | Identified the +6 flail "Paceut" {freeze, rC+ Int+7}
  1878 | D:3      | Reached skill level 1 in Dodging
  2007 | D:3      | Reached skill level 3 in Stealth
  2007 | D:3      | Reached XP level 4. HP: 30/42 MP: 3/3
  2057 | D:3      | Noticed Ijyb
  2067 | D:3      | Killed Ijyb
  2203 | D:3      | Noticed an ogre
  2211 | D:3      | Killed an ogre
  2212 | D:3      | Reached skill level 1 in Maces & Flails
  2212 | D:3      | Reached XP level 5. HP: 34/49 MP: 4/4
  2258 | D:4      | Found a runed translucent door.
  2259 | D:4      | Noticed Crazy Yiuf
  2301 | D:4      | Reached ** piety under Makhleb
  2322 | D:4      | Noticed an orc warrior
  2331 | D:4      | Slain by an orc warrior

Illustrated notes

Levels and vault maps discovered:
D:1:      evilmike_arrival_plus, layout_basic, chequers_serial_rivers_micro_a,
          chequers_jeans, chequers_serial_rivers_micro_d,
          hangedman_feature_mirror, minmay_misc_feat_room
D:2:      layout_basic, hellmonk_ecumenical_altar_zigzags, serial_shops, shop,
          grunt_ministairs_15, small_statue_intersection,
          nicolae_underground_beach
D:3:      layout_basic, mainiacjoe_overflow_24_doors, uniq_ijyb
D:4:      layout_rooms, gup_sewer_entry_bubbles, hangedman_abyss_or_decor_stabs,
          dk_rats_in_the_wall, uniq_crazy_yiuf_cottage

Skill      XL: |  1  2  3  4 |
---------------+-------------+-----
Dodging        | 1 |  1.8
Throwing       | 2 |  2.5
Stealth        | 3 |  3.1
Short Blades   | 2 |  2.5
Fighting       | 2 |  2.2
Maces & Flails | 1 |  1.1

Action                   |  1- 3 |  4- 6 || total
-------------------------+-------+-------++-------
Melee: Dagger            |    99 |       ||    99
       Flail             |     6 |    31 ||    37
Throw: Dart              |     5 |    11 ||    16
       Stone             |    15 |       ||    15
  Use: Scroll            |     4 |     3 ||     7
 Stab: Sleeping          |     3 |       ||     3
Armor: Robe              |    42 |    24 ||    66
Dodge: Dodged            |    49 |    39 ||    88
